 Dungeon Crawl Stone Soup version 0.29-a0-219-g0a02b1cf4f (webtiles) character file.

Game seed: 11433147797941046381

391 Sweetruy1997 the Chopper (level 6, -3/52 HPs)
             Began as a Hill Orc Fighter on Feb 26, 2022.
             Slain by freelancePsychic's ghost (5 damage)
             ... on level 3 of the Dungeon.
             The game lasted 00:07:28 (3429 turns).

Sweetruy1997 the Chopper (Hill Orc Fighter)         Turns: 3429, Time: 00:07:28

Health: -3/52      AC: -3    Str: 19    XL:     6   Next: 80%
Magic:  6/6        EV: 10    Int:  8    God:
Gold:   238        SH:  5    Dex: 12    Spells: 4/5 levels left

rFire   + . .      SeeInvis .   d - +4 quarterstaff (chaos)
rCold   . . .      Faith    .   (shield currently unavailable)
rNeg    . . .      Spirit   .   b - +0 scale mail
rPois   .          Reflect  +   (no helmet)
rElec   .          Harm     .   h - +0 cloak
rCorr   .          Rampage  .   (no gloves)
Will    .....                   (no boots)
Stlth   ..........              e - amulet of reflection
HPRegen 0.17/turn               f - ring of protection from fire
MPRegen 0.10/turn               (no ring)

@: corroded
A: no striking features
a: no special abilities


You were on level 3 of the Dungeon.
You visited 1 branch of the dungeon, and saw 3 of its levels.

You collected 238 gold pieces.

Inventory:

Hand Weapons
 d - a +4 quarterstaff of chaos (weapon)
Armour
 b - a +0 scale mail (worn)
 h - a +0 cloak (worn)
Jewellery
 a - a ring of protection from cold
 e - an amulet of reflection (around neck)
 f - a ring of protection from fire (left hand)
Scrolls
 g - 2 scrolls of identify {unknown}
 k - a scroll of holy word {unknown}
 l - a scroll of torment {unknown}
Potions
 c - a potion of brilliance {unknown}
 i - a potion of lignification
 j - a potion of flight {unknown}
 m - a potion of mutation {unknown}


   Skills:
 - Level 4.0 Fighting
 - Level 5.6 Axes
 + Level 1.7 Staves
 + Level 4.9 Armour
 - Level 1.0 Dodging
 + Level 0.6 Stealth
 + Level 4.4 Shields
 + Level 0.1 Spellcasting
 + Level 0.3 Transmutations


You had 4 spell levels left.
You knew the following spells:

 Your Spells              Type           Power      Damage    Failure   Level
a - Beastly Appendage     Tmut           0%         N/A       71%         1

Your spell library contained the following spells:

 Spells                   Type           Power      Damage    Failure   Level
 Wereblood                Tmut           0%         N/A       85%         2
 Blink                    Tloc           0%         N/A       88%         2
 Lesser Beckoning         Tloc           0%         N/A       98%         3
 Spider Form              Tmut/Pois      0%         N/A       98%         3
 Manifold Assault         Tloc           0%         N/A       100%        5


Dungeon Overview and Level Annotations

Branches:
Dungeon (3/15)

Altars:

Annotations:
D:3 1 transporter, freelancePsychic's ghost, novice KoWn


Message History

FreelancePsychic's ghost hits you but does no damage.
You miss freelancePsychic's ghost.
FreelancePsychic's ghost is heavily damaged.
FreelancePsychic's ghost hits you but does no damage.
You hit freelancePsychic's ghost but do no damage.
FreelancePsychic's ghost is heavily damaged.
You block freelancePsychic's ghost's attack.
You hit freelancePsychic's ghost but do no damage.
FreelancePsychic's ghost is heavily damaged.
FreelancePsychic's ghost hits you but does no damage. x2
You barely miss freelancePsychic's ghost.
FreelancePsychic's ghost is heavily damaged.
FreelancePsychic's ghost hits you but does no damage.
You hit freelancePsychic's ghost but do no damage.
FreelancePsychic's ghost is heavily damaged.
FreelancePsychic's ghost hits you.
You sock freelancePsychic's ghost! You freeze freelancePsychic's ghost.
FreelancePsychic's ghost is severely damaged.
You feel less wooden.
Your +0 cloak unmelds from your body.
Your +0 scale mail unmelds from your body.
FreelancePsychic's ghost hits you.
You hit freelancePsychic's ghost but do no damage.
FreelancePsychic's ghost flickers and vanishes!
Deactivating autopickup; reactivate with Ctrl-A.
Something hits you.
* * * LOW HITPOINT WARNING * * *
You completely miss something. Something hits you.
* * * LOW HITPOINT WARNING * * *
Something hits you.
* * * LOW HITPOINT WARNING * * *
You hit something but do no damage.
Space warps around something.
Something hits you.
* * * LOW HITPOINT WARNING * * *
You barely miss something. Something hits you.
* * * LOW HITPOINT WARNING * * *
You closely miss something. Something hits you.
* * * LOW HITPOINT WARNING * * *
Something hits you.
You die...

##.##.#########..#
##.##............#######
...####................#
.##..............#####.#
.##.##.............###.##########
.##.#.......©.......##...........
.##.#...#########...#############
†##....##8.$)$.8##..#
.##.#..#........@#..######
.##.#..#.........#.......#
....#..#.........#..####.#
.##....#....©)...#..# #.#
.###...#....†)...#..# #.# ####
.##....#.........#..# #.#####...
....#..#.........#..# #.......#.
###....##8.....8##..####.....#...
........#########....##..###..#.#


There were no monsters in sight!

Vanquished Creatures
  Sigmund (D:2)
  Crazy Yiuf (D:2)
  A jelly (D:3)
  3 gnolls (D:3)
  4 adders (D:3)
  3 worms
  2 orcs
  5 endoplasms
  2 giant cockroaches (D:1)
  12 goblins
  16 hobgoblins
  5 quokkas
  9 ball pythons
  5 bats
  3 frilled lizards
  4 kobolds
  8 rats
84 creatures vanquished.

Notes
Turn   | Place    | Note
-------+----------+-------------------------------------------
     0 | D:1      | Sweetruy1997 the Hill Orc Fighter began the quest for the
                  | Orb.
     0 | D:1      | Reached XP level 1. HP: 19/19 MP: 1/1
   373 | D:1      | Reached XP level 2. HP: 27/27 MP: 2/2
   438 | D:1      | Reached skill level 3 in Axes
   647 | D:1      | Reached XP level 3. HP: 33/33 MP: 3/3
  1074 | D:2      | Noticed Sigmund
  1893 | D:2      | Killed Sigmund
  1894 | D:2      | Reached skill level 5 in Axes
  1894 | D:2      | Reached XP level 4. HP: 18/40 MP: 4/4
  1894 | D:2      | Reached XP level 5. HP: 21/46 MP: 5/5
  1896 | D:2      | Reached XP level 6. HP: 24/52 MP: 6/6
  2091 | D:2      | Learned a level 1 spell: Beastly Appendage
  2291 | D:2      | Found a runed translucent door.
  2292 | D:2      | Noticed Crazy Yiuf
  2305 | D:2      | Killed Crazy Yiuf
  2448 | D:3      | Reached skill level 1 in Dodging
  2754 | D:3      | Noticed freelancePsychic's ghost (novice KoWn)
  3073 | D:3      | Reached skill level 1 in Staves
  3158 | D:3      | Found a transporter.
  3327 | D:3      | Found a transporter.
  3425 | D:3      | HP: 2/52 [something (2)]
  3429 | D:3      | Slain by freelancePsychic's ghost

Illustrated notes

Levels and vault maps discovered:
D:1:      dpeg_arrival_snail, layout_basic, minmay_strange_pillars, st_stairs_5,
          corexii_leaking_fountain, minmay_tromino_v4_a
D:2:      layout_loops_ring, chequers_serial_rivers_large_b, uniq_sigmund,
          uniq_crazy_yiuf_cottage
D:3:      cheibrodos_greedy_goblins, layout_loops_ring, gammafunk_ghost_arena

Skill      XL: |  1  2  3  4  5  6 |
---------------+-------------------+-----
Axes           | 3 5 |  5.6
Fighting       | 4 |  4.0
Armour         | 4 |  4.9
Shields        | 4 |  4.4
Dodging        | 1 |  1.0
Staves         | 1 |  1.7
Stealth        | |  0.6
Spellcasting   | |  0.1
Transmutations | |  0.3

Action                   |  1- 3 |  4- 6 || total
-------------------------+-------+-------++-------
Melee: War axe           |   128 |    16 ||   144
       Quarterstaff      |       |   104 ||   104
  Use: Potion            |     2 |     3 ||     5
Armor: Scale mail        |    44 |    25 ||    69
       Skin              |       |    32 ||    32
Dodge: Dodged            |    39 |    31 ||    70
Block: Buckler           |    67 |     2 ||    69
       Reflection        |     2 |       ||     2
       Other             |       |    12 ||    12

Table legend: (Time is in decaauts)
 A = Elapsed time spent in this place.
 B = Non-inter-level travel time spent in this place.
 C = Inter-level travel time spent in this place.
 D = Time resting spent in this place.
 E = Time spent auto-exploring this place.
 F = Levels seen in this place.
 G = Mean time per level.
                   A        B        C        D        E       F      G
               +--------+--------+--------+--------+--------+-----+--------+
         Total |   3497 |   3398 |     99 |    462 |   2283 |   3 | 1165.7 |
       Dungeon |   3497 |   3398 |     99 |    462 |   2283 |   3 | 1165.7 |
               +--------+--------+--------+--------+--------+-----+--------+

Top non-repeatable levels by time:
     D:1: 1258 daAuts
     D:2: 1179 daAuts
     D:3: 1060 daAuts
